 Dungeon Crawl Stone Soup version 0.31-a0-1424-g2add1c7226 (webtiles) character file.

Game seed: 8800271736129917184

2 Dordric the Ruffian (level 1, 0/15 HPs)
             Began as a Demonspawn Shapeshifter on Dec 26, 2023.
             Slain by a kobold
             ... wielding a +0 whip
              (2 damage)
             ... on level 1 of the Dungeon.
             The game lasted 00:00:07 (28 turns).

Dordric the Ruffian (Demonspawn Shapeshifter)         Turns: 28, Time: 00:00:08

Health: 0/15       AC:  2    Str: 14    XL:     1   Next: 33%
Magic:  1/1        EV: 12    Int: 10    God:
Gold:   0          SH:  0    Dex: 12    Spells: 0/0 levels left

rFire   . .          .
                       - Unarmed
rCold   . . .        (no shield)
rNeg    . . .        a - +0 animal skin
rPois   .            (helmet currently unavailable)
rElec   .            (cloak currently unavailable)
rCorr   .            (gloves currently unavailable)
SInv    .            (boots currently unavailable)
Will    .....        (no amulet)
Stlth   +            (no ring)
HPRegen 0.22/turn    (no ring)
MPRegen 0.07/turn

%: no passive effects
@: beast-form
A: beast (slay +1)
a: Begin Untransformation


You were on level 1 of the Dungeon.
You were a hulking beast.
You visited 1 branch of the dungeon, and saw 1 of its levels.

Inventory:

Armour
 a - a +0 animal skin (worn)
Talismans
 c - a beast talisman
 d - a flux talisman
Potions
 b - a potion of lignification


   Skills:
 - Level 1.0 Fighting
 - Level 1.7 Dodging
 + Level 2.8 Unarmed Combat
 + Level 2.7 Shapeshifting


You couldn't memorise any spells.
You didn't know any spells.
Your spell library was empty.

Dungeon Overview and Level Annotations

Branches:
Dungeon (1/15)

Altars:


Message History

A kobold comes into view. It is wielding a +0 whip.
The bat hits you but does no damage. x2
You see here a +0 club.
You barely miss the bat. The bat misses you. The bat hits you.
The kobold hits you with a +0 dagger.
You hit the giant cockroach.
The giant cockroach is severely wounded.
The kobold hits you with a +0 dagger.
A hobgoblin comes into view.
The giant cockroach bites you.
You barely miss the giant cockroach.
The giant cockroach is severely wounded.
The kobold hits you with a +0 dagger. The giant cockroach bites you.
You are too injured to fight recklessly!
You are too injured to fight recklessly!
You are too injured to fight recklessly!
There are monsters nearby!
There are monsters nearby!
There are monsters nearby!
You hit the kobold.
You kill the kobold!
The bat hits you but does no damage.
A hobgoblin comes into view.
You barely miss the bat. The bat closely misses you. The bat barely misses you.
The giant cockroach completely misses you.
You hit the bat.
The bat is moderately wounded.
The bat closely misses you. The bat barely misses you.
The giant cockroach closely misses you.
You hit the bat.
You kill the bat!
The giant cockroach bites you.
You closely miss the kobold. The giant cockroach bites you.
The kobold hits you with a +0 whip.
* * * LOW HITPOINT WARNING * * *
You hit the kobold.
The kobold is heavily wounded.
The giant cockroach completely misses you.
The kobold hits you with a +0 whip.
You die...

##########... .......#
~~~~~~~~~##.. .......#
# ~°~~~~~~~~#.#
#......# #~
#○~○~#~~~#.# #......#
#~~~~~~~~~~~#.# #......
#~~~ ~~~§~~~#.#
#...##.#
############.###).....#
+....<....'..#K....####
############.h##...#
#~~~ ~☼~~~~~#..B....#
#~~~~~~~~~~~#..###.##
#~ #~○~~#~~~##.# .# #
~~~~~~~~~○##.. ..
~~~○~~~~~###... .#.
########## #... . #..##


You could see a giant cockroach and a kobold.

Vanquished Creatures
  A goblin (D:1)
  A bat (D:1)
  A kobold (D:1)
3 creatures vanquished.

Notes
Turn   | Place    | Note
-------+----------+-------------------------------------------
     0 | D:1      | Dordric the Demonspawn Shapeshifter began the quest for the
                  | Orb.
     0 | D:1      | Reached XP level 1. HP: 15/15 MP: 1/1
    28 | D:1      | Slain by a kobold

Illustrated notes

Levels and vault maps discovered:
D:1:      saegor_arrival_miasma, layout_basic, corexii_hall_statues_i

Action                     || total
---------------------------++-------
  Melee: Unarmed           ||    12
 Armour: Animal skin       ||    14
  Dodge: Dodged            ||     9

Table legend: (Time is in decaauts)
 A = Elapsed time spent in this place.
 B = Non-inter-level travel time spent in this place.
 C = Inter-level travel time spent in this place.
 D = Time resting spent in this place.
 E = Time spent auto-exploring this place.
 F = Levels seen in this place.
 G = Mean time per level.
                   A        B        C        D        E       F      G
               +--------+--------+--------+--------+--------+-----+--------+
         Total |     27 |     27 |      0 |      0 |      9 |   1 |   27.0 |
       Dungeon |     27 |     27 |      0 |      0 |      9 |   1 |   27.0 |
               +--------+--------+--------+--------+--------+-----+--------+

Top non-repeatable levels by time:
     D:1: 27 daAuts
